 Dungeon Crawl Stone Soup version 0.21-a0-401-g0b6bec4 (webtiles) character file.

5489 IntelligentOne the Blocker (level 10, -4/61 HPs)
             Began as a Gargoyle Fighter on Oct 24, 2017.
             Was a Priest of Wu Jian.
             Slain by a death knight
             ... wielding a +0 glaive
              (18 damage)
             ... on level 9 of the Dungeon.
             The game lasted 01:10:41 (9707 turns).

IntelligentOne the Blocker (Gargoyle Fighter)       Turns: 9707, Time: 01:10:41

Health: -4/61      AC: 24    Str: 22    XL:     10   Next: 69%
Magic:  10/10      EV:  7    Int:  9    God:    Wu Jian [***...]
Gold:   467        SH: 14    Dex: 13    Spells: 9/9 levels left

rFire    . . .     SeeInvis +   a - +1 mace
rCold    . . .     Gourm    .   c - +2 shield
rNeg     + . .     Faith    .   D - +0 plate armour
rPois    ∞         Spirit   .   E - +0 helmet
rElec    +         Reflect  .   (no cloak)
rCorr    .         Harm     .   m - +1 pair of gloves {Dex+3}
MR       .....                  (no boots)
Stlth    ..........             (no amulet)
HPRegen  0.20/turn              j - +1 ring of evasion
MPRegen  0.12/turn              p - ring of see invisible

@: slowed, very slow
A: negative energy resistance 1, electricity resistance, unbreathing,
petrification resistance, rot immunity, AC +7
a: Renounce Religion


You were on level 9 of the Dungeon.
You worshipped Wu Jian.
Wu Jian was most pleased with you.
You were not hungry.

You visited 2 branches of the dungeon, and saw 10 of its levels.
You also visited: Ossuary.

You collected 577 gold pieces.
You spent 110 gold pieces at shops.

Inventory:

Hand Weapons
 a - a +1 mace (weapon)
 g - a +0 morningstar
Missiles
 b - 4 tomahawks
 l - 50 bolts
 r - 344 stones (quivered)
Armour
 c - a +2 shield (worn)
 h - a +0 chain mail
 m - a +1 pair of gloves of dexterity (worn)
 D - a +0 plate armour (worn)
 E - a +0 helmet (worn)
Jewellery
 j - a +1 ring of evasion (left hand)
 p - a ring of see invisible (right hand)
Wands
 A - a wand of paralysis (10/24)
Scrolls
 d - 2 scrolls of recharging
 i - 2 scrolls of blinking
 k - 4 scrolls of teleportation
 q - a scroll of fear
 u - 2 scrolls of fog
 z - a scroll of silence
Potions
 e - a potion of brilliance
 n - a potion of resistance
 s - 2 potions of mutation {unknown}
 t - 2 potions of cancellation
 v - a potion of magic
 x - 2 potions of haste {unknown}
 B - 2 potions of lignification {unknown}
 F - 5 potions of curing
Books
 y - a book of Frost

   Spells                             Type                      Level
   a - Freeze                         Ice                          1
   b - Throw Frost                    Conjuration/Ice              2
   c - Ozocubu's Armour               Charms/Ice                   3
   d - Throw Icicle                   Conjuration/Ice              4
   e - Summon Ice Beast               Ice/Summoning                4
Comestibles
 f - 4 bread rations
 o - 6 meat rations
 w - 6 fruits
 G - 6 chunks of flesh


   Skills:
 + Level 6.9 Fighting
   Level 2.1 Long Blades
 + Level 9.6 Maces & Flails
   Level 2.1 Slings
 + Level 7.6 Armour
 - Level 1.0 Dodging
 + Level 0.9 Stealth
 + Level 9.7 Shields


You had 9 spell levels left.
You didn't know any spells.

Dungeon Overview and Level Annotations

Branches:
Dungeon (9/15)             Temple (1/1) D:6             Orc (0/2) D:9
   Lair: D:8-11

Altars:
Ashenzari
Cheibriados
Dithmenos
Elyvilon
Gozag
Hepliaklqana
Kikubaaqudgha
Makhleb
Nemelex Xobeh
Okawaru
Qazlal
Ru
Sif Muna
Trog
Uskayaw
Vehumet
Wu Jian
Xom
Yredelemnul
Zin
The Shining One

Shops:
D:4 ?   D:8 (


Innate Abilities, Weirdness & Mutations

You are resistant to torment.
Your stone body is resilient. (AC +7)
You are immune to poison.
You resist negative energy. (rN+)
You are resistant to electric shocks. (rElec)
You can survive without breathing.
You are immune to petrification.
You are immune to rotting.


Message History

The Council accepts your kill.
You hit the freezing wraith but do no damage.
You block the death knight's attack.
You hit the freezing wraith.
The freezing wraith is lightly damaged.
The death knight hits you from afar with a glaive!
* * * LOW HITPOINT WARNING * * *
You block the freezing wraith's attack. x2
Some of the chunks of flesh in your inventory have rotted away.
You hit the freezing wraith.
The freezing wraith is lightly damaged.
The freezing wraith hits you but does no damage. x2
You hit the freezing wraith but do no damage.
The freezing wraith is lightly damaged.
You block the freezing wraith's attack. The freezing wraith hits you.
* * * LOW HITPOINT WARNING * * *
The freezing wraith drains your vigour!
You feel yourself slow down.
It was a potion of magic.
Magic courses through your body.
The death knight hits you from afar with a glaive!!
You die...

'###...#......+...+
.......#......#####
.......#.#'####...#
.##......+........#
.##.######........#
.##.#........##...#
.##.#........##...#
.##.#.............+
....#...........@.#
....#############W#
.................Wp(.....
####......##..#...##.....
# #......## #...# .... #
#......# #)..# ...
####......# #.... ..
..........# ..... .
............ ......


You could see a death knight, a freezing wraith and a wraith.

Vanquished Creatures
  A two-headed ogre (D:8)
  Grum (D:8)
  3 hungry ghosts
  A water moccasin (D:8)
  3 sky beasts (D:7)
  3 orc warriors
  4 phantoms
  2 ice beasts
  3 ogres
  4 wolves (D:8)
  A big kobold (D:9)
  5 bullfrogs
  4 scorpions
  8 killer bees (D:8)
  A howler monkey (D:9)
  3 wights (D:9)
  2 crimson imps
  3 centaur zombies
  A bullfrog zombie (D:9)
  A quasit (D:7)
  2 jellies
  A bullfrog skeleton (D:5)
  3 orc priests
  4 hounds
  12 orc wizards
  Jessica (D:2)
  A centaur skeleton (D:4)
  An iguana (D:8)
  Natasha (thrice) (D:3)
  7 worker ants
  A worker ant zombie (D:6)
  9 gnolls
  6 adders
  2 shadow imps
  2 oozes
  2 worms
  2 leopard geckos
  26 orcs
  6 bats
  3 giant cockroaches
  5 hobgoblins
  11 jackals
  2 quokkas
  A ball python (D:3)
  4 frilled lizards
  13 goblins
  A jackal skeleton (D:4)
  16 kobolds
  A leopard gecko skeleton (D:4)
  8 rats
210 creatures vanquished.

Notes
Turn   | Place    | Note
-------+----------+-------------------------------------------
     0 | D:1      | IntelligentOne the Gargoyle Fighter began the quest for the Orb.
     0 | D:1      | Reached XP level 1. HP: 14/14 MP: 1/1
    13 | D:1      | Reached XP level 2. HP: 18/19 MP: 2/2
   432 | D:1      | Reached XP level 3. HP: 21/23 MP: 3/3
  1140 | D:2      | Reached skill level 1 in Maces & Flails
  1358 | D:2      | Reached XP level 4. HP: 27/29 MP: 4/4
  1731 | D:2      | Noticed Jessica
  1738 | D:2      | Killed Jessica
  1803 | D:2      | Found an ornate altar of the Wu Jian Council.
  1811 | D:2      | Became a worshipper of the Wu Jian Council
  1885 | D:3      | Noticed Natasha
  1897 | D:3      | Killed Natasha
  1897 | D:3      | Reached XP level 5. HP: 21/33 MP: 5/5
  1959 | D:3      | Noticed Natasha
  1975 | D:3      | Killed Natasha
  2182 | D:3      | Found an iron altar of Okawaru.
  2430 | D:3      | Noticed Natasha
  2443 | D:3      | Killed Natasha
  2733 | D:3      | Reached XP level 6. HP: 38/38 MP: 6/6
  2958 | D:3      | Reached * piety under Wu Jian
  3421 | D:4      | Reached skill level 1 in Slings
  3530 | D:4      | Noticed a phantom
  3579 | D:4      | Killed a phantom
  3598 | D:4      | Reached skill level 1 in Dodging
  3598 | D:4      | Reached XP level 7. HP: 32/44 MP: 7/7
  3763 | D:4      | Found Qudo's Magic Scroll Emporium.
  3772 | D:4      | Bought a scroll of silence for 75 gold pieces
  3772 | D:4      | Bought a scroll of immolation for 35 gold pieces
  4185 | D:5      | Entered Level 5 of the Dungeon
  4359 | D:5      | Reached skill level 5 in Shields
  4850 | D:5      | Found a sacrificial altar of Ru.
  4850 | D:5      | Found a shadowy altar of Dithmenos.
  4851 | D:5      | Found an opulent altar of Gozag.
  4854 | D:5      | Found a basalt altar of Yredelemnul.
  4855 | D:5      | Found a white marble altar of Elyvilon.
  4949 | D:6      | Reached skill level 5 in Fighting
  5008 | D:6      | Found a staircase to the Ecumenical Temple.
  5048 | Temple   | Entered the Ecumenical Temple
  5285 | D:6      | Reached XP level 8. HP: 49/49 MP: 8/8
  5378 | D:6      | Reached skill level 5 in Maces & Flails
  5378 | D:6      | Reached skill level 5 in Armour
  5479 | D:6      | Found a sparkling altar of Nemelex Xobeh.
  5805 | D:6      | Found a glowing silver altar of Zin.
  5899 | D:6      | Found a snail-covered altar of Cheibriados.
  6131 | D:7      | Reached ** piety under Wu Jian
  6324 | D:7      | Reached XP level 9. HP: 40/55 MP: 9/9
  6674 | D:7      | Found a sand-covered staircase.
  6746 | Ossuary  | Entered an ossuary
  7181 | D:8      | Noticed a two-headed ogre
  7197 | D:8      | Killed a two-headed ogre
  7727 | D:8      | Reached XP level 10. HP: 59/61 MP: 10/10
  7863 | D:8      | Found Seseec's Weapon Shoppe.
  7960 | D:8      | Noticed Grum
  7993 | D:8      | Killed Grum
  8163 | D:8      | Reached *** piety under Wu Jian
  8434 | D:8      | Found a hazy altar of Hepliaklqana.
  8435 | D:8      | Found a shimmering altar of Xom.
  8436 | D:8      | Noticed a spectral ugly thing
  9017 | D:9      | Found a staircase to the Orcish Mines.
  9696 | D:9      | Noticed a death knight
  9707 | D:9      | Slain by a death knight

Vault maps used:
D:1:      matt_arrival_diagonals
D:2:      lemuel_coloured_pillars_altar, kennysheep_jessica_study
D:3:      okawaru_ov_weapons_minmay, kennysheep_generic_room_8, uniq_natasha
D:4:      serial_shops, nicolae_shop_trees
D:5:      minitemple, first_bread, nrook_mini_backslash,
          minmay_a_box_with_orc_wizards_in_it
D:6:      overflow_temple_1_default, marbit_many_paths, kennysheep_mini_moat,
          temple_green
D:7:      nicolae_ossuary_entry_false_entrances
D:8:      regret_index_temple_of_mockery, serial_shops,
          nicolae_shop_statue_plus, uniq_grum
D:9:      tgw_fedhas, orc_0_dummy
Temple:   jpeg_temple_island
Ossuary:  ossuary_due_mausoleum

Skill      XL: |  1  2  3  4  5  6  7  8  9 10 |
---------------+-------------------------------+-----
Long Blades    | 2 |  2.1
Maces & Flails | 1 2 3 4 6 8 9 |  9.6
Shields        | 4 5 6 8 9 |  9.7
Armour         | 4 5 7 |  7.6
Fighting       | 4 5 6 |  6.9
Slings         | 1 2 |  2.1
Dodging        | 1 |  1.0
Stealth        | |  0.9

Action                   |  1- 3 |  4- 6 |  7- 9 | 10-12 || total
-------------------------+-------+-------+-------+-------++-------
Melee: Long sword        |    23 |       |       |       ||    23
       Whip              |   145 |    79 |       |       ||   224
       Mace              |       |   117 |   524 |   423 ||  1064
 Fire: Hunting sling     |       |    44 |       |       ||    44
Throw: Stone             |       |       |       |     1 ||     1
  Use: Scroll            |     6 |     5 |     7 |     2 ||    20
       Potion            |       |     1 |     4 |     3 ||     8
  Eat: Chunk             |     2 |     5 |    11 |     8 ||    26
       Fruit             |       |     2 |       |     2 ||     4
       Meat ration       |       |       |     1 |       ||     1
       Royal jelly       |       |       |     1 |     2 ||     3
       Bread ration      |       |       |     1 |       ||     1
Armor: Scale mail        |    68 |    91 |    97 |       ||   256
       Chain mail        |       |       |    98 |       ||    98
       Plate armour      |       |       |    23 |   217 ||   240
Dodge: Dodged            |    53 |    71 |   156 |   108 ||   388
Block: Shield            |    69 |   109 |   324 |   336 ||   838
       Rpst.: Long sword |     2 |       |       |       ||     2

Table legend:
 A = Spawn XP
 B = Non-spawn XP
 C = Spawn XP percentage of total XP
 D = Spawn monster count
 E = Non-spawn monster count
 F = Spawn count percentage of total count
 G = Total turns spent on level
                    A         B        C        D         E        F      G
               +---------+---------+-------+---------+---------+-------+---------
         Total |       0 |    7842 |   0.0 |       0 |     210 |   0.0 |  9707
               +---------+---------+-------+---------+---------+-------+---------
           D:1 |       0 |      49 |   0.0 |       0 |      21 |   0.0 |   953
           D:2 |       0 |      81 |   0.0 |       0 |      16 |   0.0 |   932
           D:3 |       0 |     220 |   0.0 |       0 |      26 |   0.0 |  1244
           D:4 |       0 |     339 |   0.0 |       0 |      17 |   0.0 |  1056
           D:5 |       0 |     341 |   0.0 |       0 |       8 |   0.0 |   742
           D:6 |       0 |     814 |   0.0 |       0 |      24 |   0.0 |   935
           D:7 |       0 |    1365 |   0.0 |       0 |      23 |   0.0 |  1107
           D:8 |       0 |    3442 |   0.0 |       0 |      42 |   0.0 |  1774
           D:9 |       0 |    1191 |   0.0 |       0 |      33 |   0.0 |   761
               +---------+---------+-------+---------+---------+-------+---------
